 Dungeon Sprint DCSS version 0.26-a0-652-gafc20e3620 (webtiles) character file.

Game seed: 16416867365067217428

109285657 mhtbhm the Swordmaster (level 23, 240/240 HPs)
             Began as a Minotaur Fighter on Oct 3, 2020.
             Was the Champion of Okawaru.
             Escaped with the Orb
             ... and 17 runes!
             The game lasted 00:41:41 (16711 turns).

mhtbhm the Swordmaster (Minotaur Fighter)          Turns: 16711, Time: 00:41:42

Health: 240/240    AC: 44    Str: 35    XL:     23   Next: 20%
Magic:  48/48      EV: 19    Int: 12    God:    Okawaru [******]
Gold:   659        SH: 23    Dex: 10    Spells: 67/67 levels left

rFire    + + .     SeeInvis .   Q - +4 double sword (holy)
rCold    + . .     Faith    .   c - +3 kite shield {reflect}
rNeg     . . .     Spirit   .   b - +12 gold dragon scales
rPois    +         Reflect  +   D - +1 hat {Int+3}
rElec    +         Harm     .   E - scarf {shadows}
rCorr    .         Rampage  .   t - +0 pair of gloves {Dex+3}
MR       ++...     Clarity  +   x - +0 pair of boots of Xeubuc {rElec rF+ Stlth+} Stlth +.........NoTele +
                                N - amulet of regeneration
HPRegen  0.90/turn              C - +6 ring of strength
MPRegen  0.31/turn              B - ring "Ratoaly" {+Inv +Fly Int+4 Dex-5 Slay+5}

@: no status effects
A: retaliatory headbutt, horns 2, clarity, magic resistance 1
0: Orb of Zot
}: 17/17 runes: decaying, serpentine, barnacled, slimy, elven, silver, golden,
iron, obsidian, icy, bone, abyssal, glowing, magical, fiery, dark, gossamer
a: Heroism, Finesse, Renounce Religion, Evoke Invisibility, Evoke Flight


You escaped.
You worshipped Okawaru.
Okawaru was exalted by your worship.
You visited 1 branch You collected 1982 gold pieces.
You spent 1323 gold pieces at shops.

Inventory:

Hand Weapons
 a - the +12 scimitar of Linearity {vorpal, +Inv}
   (Okawaru gifted it to you in the Dungeon)

   It inflicts extra damage upon your enemies.
   It lets you turn invisible.
 n - the +7 sceptre of Asmodeus
   (You took it off Asmodeus in the Dungeon)
 A - the +4 staff of Dispater
   (You took it off Dispater in the Dungeon)
 G - the +6 sword of Cerebov {flame}
   (You took it off Cerebov in the Dungeon)

   It has been specially enchanted to burn those struck by it, causing extra
   injury to most foes and up to half again as much damage against particularly
   susceptible opponents.
   Big, fiery blades are also staple armaments of hydra-hunters.
 K - a +7 vampiric demon blade
 Q - a +4 double sword of holy wrath (weapon)
Missiles
 o - 14 atropa-tipped darts
 w - 29 silver javelins (quivered)
 z - a curare-tipped dart
 J - 35 javelins
Armour
 b - +12 gold dragon scales (worn)
 c - a +3 kite shield of reflection (worn)
 t - a +0 pair of gloves of dexterity (worn)
 u - a +0 hat of intelligence
 x - the +0 pair of boots of Xeubuc (worn) {rElec rF+ Stlth+}
   (You found it in the Dungeon)

   It protects you from fire.
   It insulates you from electricity.
   It makes you more stealthy.
 D - a +1 hat of intelligence (worn)
 E - a scarf of shadows (worn)
 F - a +1 hat
Jewellery
 B - the ring "Ratoaly" (right hand) {+Inv +Fly Int+4 Dex-5 Slay+5}
   (You bought it in a shop in the Dungeon)

   [ring of flight]

   It affects your intelligence (+4).
   It affects your dexterity (-5).
   It affects your accuracy and damage with ranged weapons and melee attacks
   (+5).
   It lets you turn invisible.
   It lets you fly.
 C - a +6 ring of strength (left hand)
 N - an amulet of regeneration (around neck)
Wands
 p - a wand of polymorph (6)
 y - a wand of flame (37)
Scrolls
 j - a scroll of blinking
 l - 6 scrolls of remove curse
 q - 3 scrolls of identify
 r - 4 scrolls of fog
 v - 4 scrolls of fear
Potions
 d - 2 potions of might
 e - 9 potions of curing
 f - a potion of invisibility
 g - 5 potions of haste
 h - 9 potions of magic
 i - 3 potions of stabbing
 k - 4 potions of heal wounds
 s - 2 potions of resistance
 M - a potion of brilliance
Miscellaneous
 m - the horn of Geryon


   Skills:
 O Level 27 Fighting
 O Level 27 Long Blades
 + Level 26.1 Staves
 O Level 27 Throwing
 O Level 27 Armour
 O Level 27 Dodging
 O Level 27 Stealth
 O Level 27 Shields
 O Level 27 Unarmed Combat
 + Level 22.8 Spellcasting
 O Level 27 Invocations
 O Level 27 Evocations


You had 67 spell levels left.
You didn't know any spells.
Your spell library contained the following spells:

 Spells                   Type           Power        Failure   Level
 Cause Fear               Hex            #.........   80%         4
 Silence                  Hex/Air        #.........   98%         5
 Summon Demon             Summ           #.........   98%         5
 Summon Forest            Summ/Tloc      #.........   98%         5
 Summon Mana Viper        Hex/Summ       #.......     98%         5
 Yara's Violent Unravell  Hex/Tmut       #.........   98%         5
 Shadow Creatures         Summ           N/A          100%        6
 Summon Hydra             Summ           #.........   100%        7
 Discord                  Hex            #.........   100%        8


Dungeon Overview and Level Annotations

Branches:
Dungeon (1/1)

Altars:
Cheibriados
Dithmenos
Elyvilon
Fedhas
Gozag
Hepliaklqana
Kikubaaqudgha
Makhleb
Nemelex Xobeh
Okawaru
Qazlal
Ru
Sif Muna
Trog
Uskayaw
Vehumet
Wu Jian
Xom
Yredelemnul
Zin
The Shining One
Beogh
Jiyva
Lugonu

Shops:
D :*=(


Innate Abilities, Weirdness & Mutations

You reflexively headbutt those who attack you in melee.
You have a pair of horns on your head.
You possess an exceptional clarity of mind.
You are resistant to hostile enchantments. (MR+)


Message History

There is a shimmering blue altar of Sif Muna here.
There is a sacrificial altar of Ru here.
There is a stormy altar of Qazlal here.
There is an iron altar of Okawaru here.
There is a sparkling altar of Nemelex Xobeh here.
There is a burning altar of Makhleb here.
There is a corrupted altar of Lugonu here.
There is an ancient bone altar of Kikubaaqudgha here.
There is a hazy altar of Hepliaklqana here.
There is an opulent altar of Gozag here.
There is a blossoming altar of Fedhas here.
There is a white marble altar of Elyvilon here.
There is a shadowy altar of Dithmenos here.
There is a snail-covered altar of Cheibriados here.
There is a roughly hewn altar of Beogh here.
There is an open door to the Temple here.
There is an open door here.
There is an open door to the Dungeon here.
There is a staircase leading out of the dungeon here.
You have escaped!

▓▓▓▓▓▓▓▓▓▓▓▓▓▓▓▓▓▓
...▓...▓...▓...▓@▓
.▓.▓.▓.▓.▓.▓.▓.▓.▓
.▓.▓.▓.▓.▓.▓.▓.▓.▓
.▓[▓.▓.▓.▓.▓.▓.▓.▓
.▓.▓)▓.▓.▓.▓.▓.▓'▓
.▓.▓.▓.▓.▓.▓.▓.▓.▓
.▓.▓.▓.▓.▓.▓.▓.▓.▓
.▓.▓.▓.▓.▓.▓'▓.▓.▓
.▓.▓.▓.▓.▓.▓.▓.▓.▓


There were no monsters in sight!

Vanquished Creatures
  Cerebov (D)
  Antaeus (D)
  Asmodeus (D)
  Ereshkigal (D)
  the Royal Jelly (D)
  Gloorx Vloq (D)
  Lom Lobon (D)
  Mnoleg (D)
  Dispater (D)
  3 ancient liches (D)
  3 orbs of fire (D)
  7 greater mummies (D)
  Margery (D)
  Saint Roka (D)
  A curse toe (D)
  Frederick (D)
  4 golden dragons (D)
  Jory (D)
  Geryon (D)
  5 pandemonium lords (D)
  Nikola (D)
  A bone dragon (D)
  A Tzitzimitl (D)
  5 electric golems (D)
  2 Hell Sentinels (D)
  2 tentacled monstrosities (D)
  33 Orb Guardians (D)
  3 deep elf blademasters (D)
  5 liches (D)
  2 deep elf master archers (D)
  A titan (D)
  14 acid blobs (D)
  Frances (D)
  2 death cobs (D)
  13 sphinxes (D)
  An Executioner (D)
  8 shadow dragons (D)
  Kirke (D)
  Gastronok (D)
  5 storm dragons (D)
  Donald (D)
  A thorn hunter (D)
  Agnes (D)
  2 tengu reavers (D)
  6 nagarajas (D)
  3 draconian monks (D)
  4 azure jellies (D)
  A daeva (D)
  3 deep elf sorcerers (D)
  Ilsuiw (D)
  A draconian knight (D)
  A fire giant (D)
  Louise (D)
  5 emperor scorpions (D)
  3 vault wardens (D)
  4 draconian scorchers (D)
  A balrug (D)
  5 ghost moths (D)
  A reaper (D)
  A draconian stormcaller (D)
  5 ironheart preservers (D)
  3 very ugly things (D)
  An entropy weaver (D)
  6 stone giants (D)
  A war gargoyle (D)
  9 vampire knights (D)
  A green draconian (D)
  2 black draconians (D)
  2 lorocyprocas (D)
  3 purple draconians (D)
  A yellow draconian (D)
  3 deep elf annihilators (D)
  5 white draconians (D)
  4 red draconians (D)
  Snorg (D)
  6 ettins (D)
  2 merfolk javelineers (D)
  A deep elf death mage (D)
  2 blizzard demons (D)
  5 fire dragons (D)
  4 mummy priests (D)
  Josephine (D)
  7 death oozes (D)
  A rakshasa (D)
  2 deep elf high priests (D)
  25 vault guards (D)
  3 great orbs of eyes (D)
  8 merfolk impalers (D)
  2 yaktaur captains (D)
  Harold (D)
  5 hydras (D)
  2 hell beasts (D)
  A spriggan air mage (D)
  2 centaur warriors (D)
  2 naga warriors (D)
  A shambling mangrove (D)
  A ghost crab (D)
  An ogre mage (D)
  3 merfolk aquamancers (D)
  A two-headed ogre (D)
  Erica (D)
  An alligator (D)
  2 tengu warriors (D)
  Urug (D)
  5 orc high priests (D)
  3 deep elf knights (D)
  3 hell knights (D)
  2 shock serpents (D)
  A soul eater (D)
  Sonja (D)
  A sun demon (D)
  Nergalle (D)
  2 shadow wraiths (D)
  A wretched star (D)
  A deep troll (D)
  An unseen horror (D)
  4 large abominations (D)
  2 sixfirhies (D)
  3 small abominations (D)
  A torturous demonspawn (D)
  A naga ritualist (D)
  7 swamp dragons (D)
  A deep elf archer (D)
  3 flayed ghosts (D)
  An ironbrand convoker (D)
  A harpy (D)
  2 infernal demonspawn (D)
  3 necromancers (D)
  4 orc knights (D)
  A manticore (D)
  2 ugly things (D)
  6 wolf spiders (D)
  A worldbinder (D)
  8 moths of wrath (D)
  An orb spider (shapeshifter) (D)
  A cyclops (D)
  2 naga magi (D)
  2 black mambas (D)
  2 vault sentinels (D)
  An elephant (D)
  A water nymph (D)
  2 smoke demons (D)
  2 rust devils (D)
  3 guardian serpents (D)
  3 cane toads (D)
  An efreet (D)
  A freezing wraith (D)
  A komodo dragon (D)
  A yaktaur (D)
  3 hellwings (D)
  An ancient zyme (D)
  2 demonic crawlers (D)
  3 merfolk (D)
  A meliai (shapeshifter) (D)
  17 guardian mummies (D)
  4 red devils (D)
  4 trolls (D)
  A wandering mushroom (D)
  A snapping turtle (D)
  A slime creature (D)
  A blink frog (D)
  4 bog bodies (D)
  3 hornets (D)
  3 hippogriffs (D)
  5 wraiths (D)
  4 redbacks (D)
  2 tarantellas (D)
  11 spriggans (D)
  A ynoxinul (D)
  Grum (D)
  A golden eye (D)
  A yak (D)
  A chaos spawn (D)
  3 neqoxecs (D)
  4 nagas (D)
  A naga (shapeshifter) (D)
  A soldier ant (D)
  2 wargs (D)
  An insubstantial wisp (D)
  A hell hound (D)
  2 water moccasins (D)
  2 porcupines (D)
  2 acid dragons (D)
  10 orc warriors (D)
  A swamp drake (D)
  A floating eye (D)
  2 sky beasts (D)
  8 wolves (D)
  2 centaurs (D)
  A boggart (D)
  3 crocodiles (D)
  2 bullfrogs (D)
  A scorpion (D)
  2 hounds (D)
  12 orc priests (D)
  2 orc wizards (D)
  An adder (D)
  A shadow imp (D)
  An adder simulacrum (D)
  A dart slug (D)
  15 orcs (D)
  A bat zombie (D)
  A jackal (D)
  A bat (D)
  A frilled lizard (D)
  A giant cockroach simulacrum (D)
  2 kobolds (D)
  A leopard gecko skeleton (D)
  2 quokka skeletons (D)
  3 crawling corpses (D)
  A fire vortex (D)
598 creatures vanquished.

Vanquished Creatures (others)
  A merfolk javelineer (D)
  5 humans (D)
  An eye of draining (shapeshifter) (D)
  5 ball lightnings (D)
  2 briar patches (D)
14 creatures vanquished.

Grand Total: 612 creatures vanquished

Notes
Turn   | Place    | Note
-------+----------+-------------------------------------------
     0 | D        | mhtbhm the Minotaur Fighter began the quest for the Orb.
     0 | D        | Reached XP level 1. HP: 19/19 MP: 0/0
    45 | D        | Noticed a sky beast
    57 | D        | Killed a sky beast
    57 | D        | Reached XP level 2. HP: 3/31 MP: 1/1
    57 | D        | Reached XP level 3. HP: 3/38 MP: 2/2
    57 | D        | Reached XP level 4. HP: 4/45 MP: 3/3
    61 | D        | Reached skill level 5 in Long Blades
   250 | D        | Found a roughly hewn altar of Beogh.
   250 | D        | Found a snail-covered altar of Cheibriados.
   250 | D        | Found a shadowy altar of Dithmenos.
   250 | D        | Found a white marble altar of Elyvilon.
   250 | D        | Found a blossoming altar of Fedhas.
   250 | D        | Found an opulent altar of Gozag.
   251 | D        | Found a hazy altar of Hepliaklqana.
   252 | D        | Found a viscous altar of Jiyva.
   253 | D        | Found an ancient bone altar of Kikubaaqudgha.
   254 | D        | Found a corrupted altar of Lugonu.
   255 | D        | Found a burning altar of Makhleb.
   256 | D        | Found a sparkling altar of Nemelex Xobeh.
   257 | D        | Found an iron altar of Okawaru.
   258 | D        | Found a stormy altar of Qazlal.
   259 | D        | Found a sacrificial altar of Ru.
   260 | D        | Found a shimmering blue altar of Sif Muna.
   261 | D        | Found a bloodstained altar of Trog.
   262 | D        | Found a hide-covered altar of Uskayaw.
   263 | D        | Found a radiant altar of Vehumet.
   264 | D        | Found an ornate altar of the Wu Jian Council.
   265 | D        | Became a worshipper of Warmaster Okawaru
   266 | D        | Found a shimmering altar of Xom.
   267 | D        | Found a basalt altar of Yredelemnul.
   268 | D        | Found a glowing silver altar of Zin.
   269 | D        | Found a glowing golden altar of the Shining One.
   322 | D        | Noticed an orc warrior
   333 | D        | Reached XP level 5. HP: 47/52 MP: 4/4
   335 | D        | Reached skill level 1 in Dodging
   348 | D        | Killed an orc warrior
   348 | D        | Reached XP level 6. HP: 41/61 MP: 5/5
   550 | D        | Noticed a troll
   550 | D        | Noticed a troll
   556 | D        | Reached * piety under Okawaru
   561 | D        | Reached skill level 10 in Armour
   564 | D        | Killed a troll
   564 | D        | Reached skill level 10 in Long Blades
   564 | D        | Reached skill level 10 in Shields
   564 | D        | Reached XP level 7. HP: 70/70 MP: 6/6
   571 | D        | Killed a troll
   571 | D        | Reached ** piety under Okawaru
   659 | D        | Noticed Erica
   683 | D        | Killed Erica
   683 | D        | Reached *** piety under Okawaru
   683 | D        | Reached skill level 10 in Fighting
   683 | D        | Reached XP level 8. HP: 25/79 MP: 4/7
   975 | D        | Noticed a cane toad
   981 | D        | Killed a cane toad
   983 | D        | Noticed a blink frog
   984 | D        | Noticed a cane toad
   986 | D        | Reached XP level 9. HP: 66/86 MP: 8/8
   991 | D        | Reached **** piety under Okawaru
   997 | D        | Killed a cane toad
  1010 | D        | Reached skill level 15 in Long Blades
  1010 | D        | Reached skill level 1 in Stealth
  1152 | D        | Noticed an elephant
  1152 | D        | Noticed a cane toad
  1152 | D        | Noticed a komodo dragon
  1158 | D        | Noticed a four-headed hydra
  1166 | D        | Killed an elephant
  1173 | D        | Killed a cane toad
  1173 | D        | Received a gift from Okawaru
  1176 | D        | Reached skill level 1 in Invocations
  1176 | D        | Reached XP level 10. HP: 91/97 MP: 9/9
  1185 | D        | Killed a one-headed hydra
  1185 | D        | Reached ***** piety under Okawaru
  1409 | D        | Received a gift from Okawaru
  1561 | D        | Got a masterwork scale mail {god gift}
  1567 | D        | Identified the +1 scale mail of Disguise {*Drain rN+ MR+
                  | Str+9} (Okawaru gifted it to you in the Dungeon)
  1641 | D        | Noticed Sonja
  1650 | D        | Killed Sonja
  1650 | D        | Reached skill level 5 in Dodging
  1910 | D        | Reached skill level 1 in Throwing
  1916 | D        | Noticed an orc knight
  1929 | D        | Killed an orc knight
  1929 | D        | Reached skill level 15 in Armour
  2165 | D        | Found Bagaer's Book Emporium.
  2165 | D        | Noticed an orc high priest
  2165 | D        | Noticed an orc high priest
  2165 | D        | Noticed an orc high priest
  2167 | D        | Noticed an orc high priest
  2169 | D        | Reached XP level 11. HP: 99/107 MP: 11/11
  2169 | D        | Reached skill level 1 in Evocations
  2170 | D        | Killed an orc high priest
  2170 | D        | Noticed an orc high priest
  2172 | D        | Killed an orc high priest
  2172 | D        | Reached skill level 15 in Shields
  2174 | D        | Killed an orc high priest
  2177 | D        | Found Kieduy's General Store.
  2181 | D        | Killed an orc high priest
  2186 | D        | Killed an orc high priest
  2321 | D        | Found Piosunoy's Jewellery Emporium.
  2325 | D        | Found Xophetz's Weapon Shoppe.
  2384 | D        | Bought a potion of berserk rage for 70 gold pieces
  2390 | D        | Bought the ring "Ratoaly" {+Inv +Fly Int+4 Dex-5 Slay+5}
                  | for 554 gold pieces
  2399 | D        | Bought a scroll of fog for 28 gold pieces
  2399 | D        | Bought a scroll of fog for 28 gold pieces
  2405 | D        | Bought a +6 ring of strength for 643 gold pieces
  2449 | D        | Noticed Harold
  2451 | D        | Noticed Gastronok
  2453 | D        | Noticed Josephine
  2463 | D        | Killed Harold
  2463 | D        | Received a gift from Okawaru
  2463 | D        | Received a gift from Okawaru
  2463 | D        | Reached skill level 5 in Throwing
  2469 | D        | Killed Gastronok
  2473 | D        | Killed Josephine
  2498 | D        | Got a faintly glowing morningstar {god gift}
  2499 | D        | Identified the +2 morningstar of Okawaru's Favour {vorpal,
                  | rPois SInv} (Okawaru gifted it to you in the Dungeon)
  2715 | D        | Noticed Grum
  2725 | D        | Killed Grum
  2725 | D        | Reached skill level 15 in Fighting
  2728 | D        | Reached ****** piety under Okawaru
  2829 | D        | Gained mutation: You possess an exceptional clarity of
                  | mind. [potion of mutation]
  2829 | D        | Gained mutation: You are resistant to hostile enchantments.
                  | (MR+) [potion of mutation]
  2843 | D        | Noticed a two-headed ogre
  2843 | D        | Noticed a centaur warrior
  2843 | D        | Noticed a purple ugly thing
  2844 | D        | Killed a two-headed ogre
  2844 | D        | Reached XP level 12. HP: 119/119 MP: 12/12
  2847 | D        | Killed a centaur warrior
  2854 | D        | Received a gift from Okawaru
  2855 | D        | Noticed a tengu warrior
  2855 | D        | Noticed a stone giant
  2860 | D        | Noticed an ettin
  2868 | D        | Killed a stone giant
  2874 | D        | Killed a tengu warrior
  2875 | D        | Noticed a purple very ugly thing
  2879 | D        | Noticed a great orb of eyes
  2884 | D        | Killed an ettin
  2886 | D        | Killed a purple very ugly thing
  2886 | D        | Received a gift from Okawaru
  2892 | D        | Killed a great orb of eyes
  2899 | D        | Got a jewelled scimitar {god gift}
  2900 | D        | Identified the +12 scimitar of Linearity {vorpal, +Inv}
                  | (Okawaru gifted it to you in the Dungeon)
  3232 | D        | Noticed Saint Roka
  3248 | D        | Killed Saint Roka
  3248 | D        | Received a gift from Okawaru
  3250 | D        | Received a gift from Okawaru
  3256 | D        | Got a blackened demon blade {god gift}
  3257 | D        | Identified the +3 demon blade of Fynoares {pain, Str+3
                  | Dex+3} (Okawaru gifted it to you in the Dungeon)
  3624 | D        | Noticed Snorg
  3631 | D        | Killed Snorg
  3645 | D        | Noticed Agnes
  3654 | D        | Killed Agnes
  3654 | D        | Reached XP level 13. HP: 84/133 MP: 13/13
  3734 | D        | Noticed Urug
  3741 | D        | Killed Urug
  3868 | D        | Noticed a nagaraja
  3868 | D        | Noticed a nagaraja
  3879 | D        | Killed a nagaraja
  3882 | D        | Received a gift from Okawaru
  4389 | D        | Killed a nagaraja
  4935 | D        | Noticed a thorn hunter
  4945 | D        | Killed a thorn hunter
  4945 | D        | Reached skill level 5 in Stealth
  4946 | D        | Reached skill level 10 in Throwing
  5225 | D        | Noticed an emperor scorpion
  5239 | D        | Killed an emperor scorpion
  5489 | D        | Noticed a merfolk impaler
  5493 | D        | Reached skill level 10 in Dodging
  5493 | D        | Reached skill level 5 in Evocations
  5497 | D        | Noticed a merfolk impaler
  5500 | D        | Killed a merfolk impaler
  5500 | D        | Received a gift from Okawaru
  5506 | D        | Killed a merfolk impaler
  5523 | D        | Got a pair of twisted boots {god gift}
  5534 | D        | Identified the +1 pair of boots "Veats" {Str+2} (Okawaru
                  | gifted it to you in the Dungeon)
  5741 | D        | Noticed Nergalle
  5745 | D        | Killed Nergalle
  5745 | D        | Reached XP level 14. HP: 146/146 MP: 14/14
  5780 | D        | Noticed a tengu reaver
  5783 | D        | Noticed a stone giant
  5792 | D        | Noticed a sphinx
  5795 | D        | Killed a tengu reaver
  5799 | D        | Killed a stone giant
  5804 | D        | Killed a sphinx
  5804 | D        | Noticed a stone giant
  5810 | D        | Noticed a stone giant
  5821 | D        | Killed a stone giant
  5822 | D        | Killed a stone giant
  6170 | D        | Noticed a vault warden
  6173 | D        | Noticed a vault warden
  6176 | D        | Killed a vault warden
  6176 | D        | Received a gift from Okawaru
  6180 | D        | Killed a vault warden
  6186 | D        | Noticed an entropy weaver
  6193 | D        | Killed an entropy weaver
  6199 | D        | Noticed an ironheart preserver
  6201 | D        | Noticed a white very ugly thing
  6211 | D        | Killed an ironheart preserver
  6215 | D        | Killed a white very ugly thing
  6533 | D        | Noticed Jory
  6541 | D        | Killed Jory
  6541 | D        | Reached XP level 15. HP: 140/160 MP: 15/15
  6640 | D        | Found the +27 Lear's hauberk
  6658 | D        | Got the +0 pair of boots of Xeubuc {rElec rF+ Stlth+}
  6824 | D        | Noticed Margery
  6829 | D        | Received a gift from Okawaru
  6837 | D        | Killed Margery
  6837 | D        | Received a gift from Okawaru
  7057 | D        | Received a gift from Okawaru
  7087 | D        | Got a decaying rune of Zot
  7268 | D        | Killed a ghost moth
  7271 | D        | Killed a ghost moth
  7277 | D        | Received a gift from Okawaru
  7294 | D        | Killed a ghost moth
  7300 | D        | Got a gossamer rune of Zot
  7442 | D        | Noticed a nagaraja
  7445 | D        | Noticed a nagaraja
  7447 | D        | Killed a nagaraja
  7451 | D        | Killed a nagaraja
  7454 | D        | Noticed a nagaraja
  7465 | D        | Killed a nagaraja
  7466 | D        | Noticed a nagaraja
  7475 | D        | Received a gift from Okawaru
  7479 | D        | Killed a nagaraja
  7489 | D        | Got a serpentine rune of Zot
  7499 | D        | Got a transparent falchion {god gift}
  7500 | D        | Identified the +0 falchion of the Jester {antimagic,
                  | *Corrode Fragile rF+ Int+5 Dex+6} (Okawaru gifted it to you
                  | in the Dungeon)
  7663 | D        | Noticed Ilsuiw
  7666 | D        | Reached skill level 15 in Throwing
  7674 | D        | Reached XP level 16. HP: 161/176 MP: 16/16
  7691 | D        | Received a gift from Okawaru
  7696 | D        | Killed Ilsuiw
  7699 | D        | Got a barnacled rune of Zot
  7706 | D        | Got an ichor-stained great sword {god gift}
  7781 | D        | Noticed Frances
  7783 | D        | Noticed Donald
  7791 | D        | Killed Frances
  7797 | D        | Killed Donald
  7797 | D        | Reached skill level 15 in Dodging
  8022 | D        | Noticed Nikola
  8023 | D        | Noticed Kirke
  8030 | D        | Killed Nikola
  8037 | D        | Killed Kirke
  8037 | D        | Received a gift from Okawaru
  8133 | D        | Received a gift from Okawaru
  8147 | D        | Received a gift from Okawaru
  8156 | D        | Reached skill level 27 in Long Blades
  8163 | D        | Received a gift from Okawaru
  8190 | D        | Reached skill level 27 in Shields
  8237 | D        | Got a bloodstained falchion {god gift}
  8238 | D        | Identified the +6 falchion "Transmigrator" {vorpal, rC+
                  | Str+2 Stlth+} (Okawaru gifted it to you in the Dungeon)
  8306 | D        | Noticed a lich
  8309 | D        | Killed a lich
  8309 | D        | Received a gift from Okawaru
  8310 | D        | Noticed a lich
  8318 | D        | Killed a lich
  8319 | D        | Noticed a shadow dragon
  8345 | D        | Killed a shadow dragon
  8345 | D        | Reached skill level 27 in Fighting
  8350 | D        | Noticed a shadow dragon
  8361 | D        | Killed a shadow dragon
  8361 | D        | Reached XP level 17. HP: 34/191 MP: 17/17
  8559 | D        | Noticed a titan
  8563 | D        | Killed a titan
  8572 | D        | Received a gift from Okawaru
  8575 | D        | Received a gift from Okawaru
  8585 | D        | Got a silver rune of Zot
  8597 | D        | Got a warped scimitar
  8598 | D        | Identified the +3 scimitar "Ypinneal" {speed, +Blink MR+++
                  | Dex-3} (You found it in the Dungeon)
  8815 | D        | Got the ring "Rysil" {Ice MP+9 Int-5 Dex+5 SInv}
  8817 | D        | Got the ring "Hifidiun" {Fire *Slow Str+2 Int+2}
  8819 | D        | Got the ring "Nomomm" {Ice Str+2 Dex+5}
  8821 | D        | Got the ring "Gack" {AC-4 Int+4}
  8823 | D        | Got the ring of Aranul Vye {+Blink EV-4 Int+2}
  8835 | D        | Found the +15 Maxwell's patent armour {-Cast -Tele rElec
                  | MR+ rCorr}
  8981 | D        | Noticed Louise
  9003 | D        | Killed Louise
  9017 | D        | Noticed Frederick
  9030 | D        | Killed Frederick
  9098 | D        | Received a gift from Okawaru
  9234 | D        | Noticed a bone dragon
  9244 | D        | Killed a bone dragon
  9248 | D        | Received a gift from Okawaru
  9271 | D        | Received a gift from Okawaru
  9311 | D        | Noticed a golden dragon
  9328 | D        | Killed a golden dragon
  9406 | D        | Noticed a tentacled monstrosity
  9421 | D        | Killed a tentacled monstrosity
  9421 | D        | Received a gift from Okawaru
  9429 | D        | Reached XP level 18. HP: 146/200 MP: 18/18
  9509 | D        | Noticed a golden dragon
  9511 | D        | Killed a golden dragon
  9511 | D        | Reached skill level 27 in Throwing
  9584 | D        | Noticed a curse toe
  9589 | D        | Killed a curse toe
  9611 | D        | Reached skill level 27 in Armour
  9750 | D        | Noticed an Orb Guardian
  9750 | D        | Noticed an Orb Guardian
  9750 | D        | Noticed an Orb Guardian
  9750 | D        | Noticed an Orb Guardian
  9750 | D        | Noticed an Orb Guardian
  9752 | D        | Killed an Orb Guardian
  9752 | D        | Noticed an Orb Guardian
  9756 | D        | Killed an Orb Guardian
  9759 | D        | Noticed an Orb Guardian
  9761 | D        | Killed an Orb Guardian
  9761 | D        | Received a gift from Okawaru
  9767 | D        | Killed an Orb Guardian
  9771 | D        | Killed an Orb Guardian
  9776 | D        | Killed an Orb Guardian
  9778 | D        | Killed an Orb Guardian
  9781 | D        | Noticed an Orb Guardian
  9782 | D        | Noticed an Orb Guardian
  9783 | D        | Noticed an Orb Guardian
  9789 | D        | Killed an Orb Guardian
  9789 | D        | Reached skill level 27 in Dodging
  9795 | D        | Killed an Orb Guardian
  9795 | D        | Received a gift from Okawaru
  9800 | D        | Killed an Orb Guardian
  9800 | D        | Reached skill level 10 in Stealth
  9814 | D        | Got a brightly glowing triple sword {god gift}
  9926 | D        | Noticed a golden dragon
  9926 | D        | Noticed an Orb Guardian
  9926 | D        | Noticed an Orb Guardian
  9928 | D        | Reached skill level 5 in Unarmed Combat
  9928 | D        | Reached skill level 5 in Invocations
  9931 | D        | Killed a golden dragon
  9931 | D        | Noticed an Orb Guardian
  9932 | D        | Noticed an Orb Guardian
  9934 | D        | Killed an Orb Guardian
  9938 | D        | Killed an Orb Guardian
  9940 | D        | Reached skill level 5 in Spellcasting
  9940 | D        | Killed an Orb Guardian
  9945 | D        | Killed an Orb Guardian
  9973 | D        | Noticed an ancient lich
  9981 | D        | Killed an ancient lich
  9981 | D        | Reached skill level 10 in Unarmed Combat
  9981 | D        | Reached skill level 10 in Evocations
  9981 | D        | Reached XP level 19. HP: 207/207 MP: 25/27
  9988 | D        | Noticed an orb of fire
  9990 | D        | Killed an orb of fire
  9990 | D        | Reached skill level 10 in Invocations
  9997 | D        | Noticed an electric golem
 10005 | D        | Killed an electric golem
 10011 | D        | Noticed an electric golem
 10011 | D        | Noticed an ancient lich
 10013 | D        | Received a gift from Okawaru
 10013 | D        | Killed an ancient lich
 10013 | D        | Received a gift from Okawaru
 10016 | D        | Noticed a golden dragon
 10017 | D        | Noticed an orb of fire
 10020 | D        | Noticed an electric golem
 10021 | D        | Noticed an orb of fire
 10025 | D        | Killed an electric golem
 10027 | D        | Killed an orb of fire
 10027 | D        | Received a gift from Okawaru
 10028 | D        | Killed an orb of fire
 10028 | D        | Reached skill level 15 in Stealth
 10028 | D        | Reached skill level 10 in Spellcasting
 10028 | D        | Killed a golden dragon
 10028 | D        | Reached skill level 15 in Unarmed Combat
 10029 | D        | Noticed an electric golem
 10033 | D        | Killed an electric golem
 10034 | D        | Noticed an electric golem
 10049 | D        | Killed an electric golem
 10069 | D        | Killed an electric golem
 10069 | D        | Reached skill level 15 in Invocations
 10209 | D        | Identified the +5 great sword of Okawaru's Generosity
                  | {vorpal, rPois rC- Int+9 Stlth-} (Okawaru gifted it to you
                  | in the Dungeon)
 10210 | D        | Identified the +3 triple sword of Moral Flaws {protect,
                  | Str-5 Int+3 SInv} (Okawaru gifted it to you in the Dungeon)
 10228 | D        | Reached skill level 15 in Evocations
 10242 | D        | Received a gift from Okawaru
 10255 | D        | Received a gift from Okawaru
 10255 | D        | Reached XP level 20. HP: 196/216 MP: 35/35
 10479 | D        | Noticed an ancient lich
 10491 | D        | Killed an ancient lich
 10491 | D        | Received a gift from Okawaru
 10801 | D        | Received a gift from Okawaru
 10906 | D        | Got an elven rune of Zot
 11060 | D        | Received a gift from Okawaru
 11072 | D        | Reached skill level 15 in Spellcasting
 11112 | D        | Noticed the Royal Jelly
 11117 | D        | Killed the Royal Jelly
 11158 | D        | Got a slimy rune of Zot
 11362 | D        | Reached XP level 21. HP: 211/224 MP: 38/40
 11380 | D        | Received a gift from Okawaru
 11674 | D        | Noticed a greater mummy
 11682 | D        | Killed a greater mummy
 11682 | D        | Received a gift from Okawaru
 11740 | D        | Noticed a greater mummy
 11740 | D        | Noticed a greater mummy
 11745 | D        | Killed a greater mummy
 11745 | D        | Noticed a greater mummy
 11752 | D        | Killed a greater mummy
 11755 | D        | Noticed a greater mummy
 11758 | D        | Killed a greater mummy
 11765 | D        | Killed a greater mummy
 11984 | D        | Noticed a greater mummy
 11985 | D        | Noticed a greater mummy
 11994 | D        | Killed a greater mummy
 11994 | D        | Reached skill level 27 in Stealth
 11999 | D        | Killed a greater mummy
 11999 | D        | Received a gift from Okawaru
 12003 | D        | Got a golden rune of Zot
 12267 | D        | Got an abyssal rune of Zot
 12435 | D        | Noticed Geryon
 12445 | D        | Killed Geryon
 12482 | D        | Noticed Ereshkigal
 12482 | D        | Noticed Gloorx Vloq
 12492 | D        | Identified the +7 sceptre of Asmodeus
 12492 | D        | Noticed Asmodeus
 12924 | D        | Killed Ereshkigal
 13063 | D        | Killed Gloorx Vloq
 13063 | D        | Received a gift from Okawaru
 13284 | D        | Killed Asmodeus
 13284 | D        | Reached skill level 27 in Invocations
 13284 | D        | Reached XP level 22. HP: 147/232 MP: 37/42
 13404 | D        | Identified the +6 sword of Cerebov {flame}
 13404 | D        | Noticed Cerebov
 13432 | D        | Killed Cerebov
 13432 | D        | Received a gift from Okawaru
 13435 | D        | Noticed Mnoleg
 13445 | D        | Killed Mnoleg
 13445 | D        | Reached skill level 27 in Evocations
 13527 | D        | Noticed Antaeus
 13552 | D        | Killed Antaeus
 13552 | D        | Reached skill level 10 in Staves
 13745 | D        | Identified the +4 staff of Dispater
 13745 | D        | Noticed Dispater
 13760 | D        | Killed Dispater
 13791 | D        | Noticed Lom Lobon
 13818 | D        | Killed Lom Lobon
 13945 | D        | Got a bone rune of Zot
 13949 | D        | Got a dark rune of Zot
 13954 | D        | Got an obsidian rune of Zot
 13958 | D        | Got an icy rune of Zot
 13962 | D        | Got a fiery rune of Zot
 13966 | D        | Got an iron rune of Zot
 13970 | D        | Got a glowing rune of Zot
 13974 | D        | Got a magical rune of Zot
 14404 | D        | Got the Orb of Zot
 14751 | D        | Reached skill level 15 in Staves
 15137 | D        | Noticed Jolaud the pandemonium lord
 15141 | D        | Reached skill level 27 in Unarmed Combat
 15142 | D        | Killed Jolaud the pandemonium lord
 15178 | D        | Noticed Ryimur the pandemonium lord
 15189 | D        | Killed Ryimur the pandemonium lord
 15189 | D        | Received a gift from Okawaru
 15297 | D        | Noticed Estuxet the pandemonium lord
 15309 | D        | Killed Estuxet the pandemonium lord
 15309 | D        | Received a gift from Okawaru
 15522 | D        | Identified the +6 tower shield of the Sacrificial Victim
                  | {SInv}
 15549 | D        | Noticed Cyliepriy the pandemonium lord
 15551 | D        | Noticed Fuasy the pandemonium lord
 15569 | D        | Killed Cyliepriy the pandemonium lord
 15866 | D        | Reached XP level 23. HP: 240/240 MP: 47/47
 15868 | D        | Received a gift from Okawaru
 16350 | D        | Noticed Riluog Wei the pandemonium lord
 16359 | D        | Killed Riluog Wei the pandemonium lord
 16711 | D        | Escaped with the Orb!

Illustrated notes

Levels and vault maps discovered:
D:        linesprint [early_d, line_temple, items_1, d_10, items_2, lair_1,
          lair_end, items_3, orc_1, orc_end, items_4, d_15, swamp_1, shoals_1,
          snake_1, spider_1, d_20, vaults_1, items_5, swamp_end, shoals_end,
          snake_end, spider_end, vaults_end, d_27, items_6, zot_1, zot_end,
          crypt_end, forest_end, elf_end, slime_end, tomb_end, abyss_end,
          pan_hell_end]

Skill      XL: |  1  2  3  4  5  6  7  8  9 10 11 12 13 14 15 16 17 18 19 20 21 22 23 |
---------------+----------------------------------------------------------------------+-----
Fighting       | 6 7 8 9 10 11 13 15 17 19 21 24 27 | 27.0
Armour         | 6 7 9 10 11 12 13 15 16 17 18 19 20 23 27 | 27.0
Shields        | 6 7 8 10 11 12 14 16 18 20 23 25 27 | 27.0
Long Blades    | 4 6 8 10 13 15 17 18 20 22 24 26 27 | 27.0
Dodging        | 1 2 3 4 5 6 8 10 12 14 18 21 27 | 27.0
Stealth        | 1 2 3 6 7 8 9 12 17 21 27 | 27.0
Invocations    | 1 9 16 21 27 | 27.0
Throwing       | 1 7 9 10 13 15 19 26 27 | 27.0
Evocations     | 2 3 5 6 10 16 20 23 27 | 27.0
Unarmed Combat | 10 18 22 24 27 | 27.0
Spellcasting   | 6 12 16 17 21 22 | 22.8
Staves         | 23 26 | 26.1

Action                   |  1- 3 |  4- 6 |  7- 9 | 10-12 | 13-15 | 16-18 | 19-21 | 22-24 || total
-------------------------+-------+-------+-------+-------+-------+-------+-------+-------++-------
Melee: Long sword        |    25 |     4 |       |       |       |       |       |       ||    29
       Headbutt          |     4 |     7 |    16 |    53 |    76 |   107 |    93 |    80 ||   436
       Scimitar          |       |    37 |    68 |   153 |   243 |   145 |     6 |       ||   652
       Demon blade       |       |       |       |    39 |       |   197 |   202 |       ||   438
       Double sword      |       |       |       |       |    31 |       |   133 |   241 ||   405
       Punch             |       |       |       |       |       |       |    35 |       ||    35
Throw: Javelin           |       |       |       |    22 |    45 |    75 |    93 |    38 ||   273
       Dart              |       |       |       |     1 |     2 |       |       |     2 ||     5
Invok: Heroism           |       |       |     1 |       |       |       |     4 |     3 ||     8
       Finesse           |       |       |       |       |       |       |     3 |     3 ||     6
 Abil: Evoke Invisibilit |       |       |       |       |     1 |       |       |       ||     1
Evoke: Wand              |       |       |       |     4 |     5 |       |     1 |       ||    10
  Use: Potion            |       |     2 |     1 |     2 |     2 |       |     7 |     9 ||    23
       Scroll            |       |       |       |       |     2 |     8 |    11 |     2 ||    23
 Stab: Invisible         |       |       |       |       |     3 |       |       |       ||     3
       Sleeping          |       |       |       |       |     1 |       |     2 |       ||     3
Armor: Scale mail        |     8 |       |       |    20 |    34 |       |       |       ||    62
       Chain mail        |       |    13 |    21 |    10 |       |       |       |       ||    44
       Swamp dragon scal |       |       |       |       |    24 |    16 |       |       ||    40
       Ice dragon scales |       |       |       |       |    12 |       |       |       ||    12
       Gold dragon scale |       |       |       |       |       |    47 |   147 |    77 ||   271
Dodge: Dodged            |     5 |    12 |    16 |    37 |    79 |    85 |   152 |    44 ||   430
Block: Kite shield       |    10 |    24 |    26 |    70 |   174 |   182 |    74 |   136 ||   696
       Reflection        |       |       |       |       |     3 |     5 |     2 |     1 ||    11
       Rpst.: Long sword |     3 |     1 |       |       |       |       |       |       ||     4
       Scimitar          |       |     3 |     5 |     3 |     9 |     7 |     1 |       ||    28
       Demon blade       |       |       |       |     2 |       |     4 |    20 |       ||    26
       Double sword      |       |       |       |       |     2 |       |     6 |    13 ||    21

Table legend: (Time is in decaauts) A = Elapsed time spent in this place. B = Non-inter-level travel time spent in this place. C = Inter-level travel time spent in this place. D = Time resting spent in this place. E = Time spent auto-exploring this place. F = Levels seen in this place. G = Mean time per level. A B C D E F G +--------+--------+--------+--------+--------+-----+--------+ Total | 16173 | 15577 | 596 | 8322 | 1298 | 1 | 16173.0 | Dungeon | 16173 | 15577 | 596 | 8322 | 1298 | 1 | 16173.0 | +--------+--------+--------+--------+--------+-----+--------+

Top non-repeatable levels by time:
       D: 16173 daAuts
